 Dungeon Crawl Stone Soup version 0.32-a0-818-gb728d0252e (webtiles) character file.

Game seed: 13934497848660238791

4741 oj3oj3 the Slicer (level 10, -2/86 HPs)
             Began as a Minotaur Berserker on Mar 24, 2024.
             Was a High Priest of Trog.
             Slain by a lemure (3 damage)
             ... led by Pikel
             ... on level 10 of the Dungeon.
             The game lasted 00:21:24 (7136 turns).

oj3oj3 the Slicer (Minotaur Berserker)              Turns: 7136, Time: 00:21:25

Health: -2/86      AC: 10    Str: 27    XL:     10   Next: 22%
Magic:  9/9        EV: 11    Int:  4    God:    Trog [*****.]
Gold:   351        SH:  0    Dex:  9    Spells: 9/9 levels left

rFire   . . .        P - +0 war axe
rCold   + . .        (no shield)
rNeg    . . .        e - +2 ring mail {rC+}
rPois   +            (helmet restricted)
rElec   .            (no cloak)
rCorr   .            (no gloves)
SInv    .            r - +0 pair of boots
Will    .....        (no amulet)
Stlth   +            f - ring of poison resistance
HPRegen 0.34/turn    u - +4 ring of slaying
MPRegen 0.11/turn

%: no passive effects
@: no status effects
A: horns 2, retaliatory headbutt
a: Renounce Religion, Berserk, Trog's Hand, Brothers in Arms


You were on level 10 of the Dungeon.
You worshipped Trog.
Trog was extremely pleased with you.
You visited 1 branch of the dungeon, and saw 10 of its levels.

You collected 351 gold pieces.

Inventory:

Hand Weapons
 a - a +0 hand axe
 w - the +11 dagger "Liahib" {flame, rF+ Str+3}
   (You found it on level 3 of the Dungeon)

   Str+3:     It affects your strength (+3).
   rF+:       It protects you from fire.
 P - a +0 war axe (weapon)
Missiles
 d - 69 stones
 g - 19 poisoned darts (quivered)
 y - 9 boomerangs
Armour
 b - a +0 animal skin
 e - a +2 ring mail of cold resistance (worn)
 r - a +0 pair of boots (worn)
Jewellery
 f - a ring of poison resistance (left hand)
 m - an amulet of faith
 p - a ring of protection from fire
 u - a +4 ring of slaying (right hand)
 Q - an amulet of the acrobat
Wands
 M - a wand of paralysis (5)
 O - a wand of iceblast (9)
Scrolls
 c - 6 scrolls of teleportation {unknown}
 h - 13 scrolls of identify {unknown}
 j - 4 scrolls of fear {unknown}
 k - 3 scrolls of vulnerability {unknown}
 l - 3 scrolls of fog {unknown}
 o - a scroll of enchant armour {unknown}
 s - a scroll of acquirement {unknown}
 v - 3 scrolls of enchant weapon {unknown}
 E - a scroll of revelation {unknown}
 F - a scroll of amnesia {unknown}
 G - a scroll of butterflies {unknown}
 I - 2 scrolls of noise {unknown}
 L - a scroll of poison {unknown}
 N - a scroll of blinking
Potions
 i - a potion of berserk rage {unknown}
 n - 4 potions of enlightenment {unknown}
 q - a potion of degeneration
 t - 3 potions of mutation {unknown}
 x - a potion of haste {unknown}
 z - 4 potions of heal wounds {unknown}
 A - a potion of resistance {unknown}
 B - a potion of curing {unknown}
 C - 2 potions of lignification {unknown}
 D - a potion of cancellation {unknown}
 H - 2 potions of attraction {unknown}
 J - a potion of might {unknown}
 K - a potion of brilliance {unknown}


   Skills:
 + Level 7.3 Fighting
 * Level 10.2 Short Blades
 * Level 9.2 Axes
 + Level 7.9 Armour
 + Level 5.1 Dodging
 + Level 1.1 Stealth


You had 9 spell levels left.
You didn't know any spells.
Your spell library was empty.

Dungeon Overview and Level Annotations

Branches:
Dungeon (10/15)            Temple (0/1) D:7
   Lair: D:8-11         Orc: D:9-12

Altars:
Ashenzari
Cheibriados
Gozag
Uskayaw
Wu Jian
Yredelemnul
Zin

Portals:
Bailey: D:9

Annotations:
D:5 1 runed translucent door, Crazy Yiuf
D:7 3 runed translucent doors, sokol815's ghost, amateur OpFi
D:9 2 transporters, javelincjr's ghost, journeyman TeSu
D:10 Pikel


Innate Abilities, Weirdness & Mutations

You have a pair of horns on your head.
You reflexively headbutt those who attack you in melee.


Message History

You climb upwards.
You hear the roar of battle.
There is an entrance to a bailey on this level.
Hurry and find it before the portal closes forever!
Level annotation: 2 transporters, javelincjr's ghost, journeyman TeSu The goblin closely misses you. x2; The lemure hits you but does no damage.
There is a stone staircase leading down here.
The goblin hits you with a +0 spear.
* * * LOW HITPOINT WARNING * * *
Pikel completely misses you. You furiously retaliate!
You headbutt Pikel, but do no damage. The goblin barely misses you.
The lemure barely misses you. You furiously retaliate!
You headbutt the lemure!
You climb downwards.
The orc wizard gestures wildly while chanting.
The orc wizard flickers and vanishes!
Deactivating autopickup; reactivate with Ctrl-A.
There is a stone staircase leading up here.
You are too injured to fight recklessly!
You are too injured to fight recklessly!
You are too injured to fight recklessly!
You are too injured to fight recklessly!
You are too injured to fight recklessly!
You are too injured to fight recklessly!
You are too injured to fight recklessly!
You are too injured to fight recklessly!
You slice the goblin!!
You kill the goblin!
Trog accepts your kill.
You closely miss Pikel. You hit the lemure but do no damage.
Pikel hits you with a +2 whip of flaming.
* * * LOW HITPOINT WARNING * * *
Pikel burns you.
* * * LOW HITPOINT WARNING * * *
The lemure closely misses you. You furiously retaliate!
You headbutt the lemure.
Pikel hits you with a +2 whip of flaming!
* * * LOW HITPOINT WARNING * * *
Pikel burns you.
* * * LOW HITPOINT WARNING * * *
The lemure attacks as it pursues you! The lemure hits you.
You die...

..# #. ... ...#
#. ####..#
....###. ..#..#
.....#.. ....#
........#..[.##
.......#......#
........[..#
#...5@.#
##..)K.#
##.o.## #o...
...... ...##.##
...# ## ...#


You could see Pikel, a lemure and 2 orcs.

Vanquished Creatures
  A deep elf pyromancer (D:8)
  Maggie (D:7)
  2 hornets
  Sigmund (D:4)
  Grum (D:9)
  A water moccasin (D:5)
  2 ice beasts (D:5)
  An ogre (D:6)
  3 wolves (D:9)
  2 centaurs (D:7)
  3 phantoms
  2 lemures (D:9)
  2 kobold brigands
  A weeping skull (D:4)
  3 scorpions
  5 bullfrogs
  6 wights
  5 killer bees
  A bombardier beetle (D:5)
  6 hounds
  6 orc priests
  2 sleepcaps
  A jelly (D:5)
  An iguana (D:5)
  Natasha (thrice) (D:3)
  9 orc wizards
  4 gnolls (D:4)
  7 adders
  A shadow imp (D:6)
  3 white imps
  A dart slug (D:2)
  4 ribbon worms
  23 orcs
  4 bats
  7 endoplasms
  4 giant cockroaches
  10 goblins
  4 hobgoblins
  2 jackals (D:1)
  3 quokkas
  4 ball pythons
  2 frilled lizards
  21 kobolds
  11 rats
  A spectral orc (D:4)
187 creatures vanquished.

Notes
Turn   | Place    | Note
-------+----------+-------------------------------------------
     0 | D:1      | oj3oj3 the Minotaur Berserker began the quest for the Orb.
     0 | D:1      | Reached XP level 1. HP: 19/19 MP: 0/0
   445 | D:1      | Reached XP level 2. HP: 27/27 MP: 1/1
   895 | D:2      | Reached XP level 3. HP: 32/33 MP: 2/2
   956 | D:2      | Reached ** piety under Trog
  1213 | D:2      | Reached skill level 5 in Axes
  1265 | D:2      | Found a faded altar of an unknown god.
  1571 | D:3      | Identified the +11 dagger "Liahib" {flame, rF+ Str+3}
  1678 | D:3      | Reached XP level 4. HP: 36/40 MP: 3/3
  1743 | D:3      | Noticed Natasha
  1746 | D:3      | Killed Natasha
  1915 | D:3      | Noticed Natasha
  1918 | D:3      | Killed Natasha
  1979 | D:3      | Reached skill level 1 in Short Blades
  1979 | D:3      | Reached XP level 5. HP: 47/47 MP: 4/4
  1982 | D:3      | Noticed Natasha
  1988 | D:3      | Killed Natasha
  2076 | D:3      | Reached skill level 2 in Short Blades
  2076 | D:3      | Reached XP level 6. HP: 46/53 MP: 5/5
  2192 | D:4      | Reached skill level 5 in Fighting
  2192 | D:4      | Reached XP level 7. HP: 49/61 MP: 6/6
  2483 | D:4      | Reached *** piety under Trog
  2518 | D:4      | Found an ornate altar of the Wu Jian Council.
  2612 | D:4      | Reached skill level 3 in Short Blades
  2642 | D:4      | Noticed Sigmund
  2663 | D:4      | Killed Sigmund
  2664 | D:4      | Reached skill level 4 in Short Blades
  2664 | D:4      | Reached skill level 5 in Armour
  3047 | D:4      | Found a basalt altar of Yredelemnul.
  3130 | D:5      | Entered Level 5 of the Dungeon
  3406 | D:5      | Reached XP level 8. HP: 69/69 MP: 7/7
  3424 | D:5      | Reached skill level 5 in Short Blades
  3530 | D:5      | Found an opulent altar of Gozag.
  3552 | D:5      | Found a hide-covered altar of Uskayaw.
  3609 | D:5      | Found a runed translucent door.
  3610 | D:5      | Noticed Crazy Yiuf
  3810 | D:5      | Reached **** piety under Trog
  3907 | D:5      | Reached skill level 6 in Short Blades
  4268 | D:6      | Found a broken altar of Ashenzari.
  4292 | D:6      | Reached skill level 7 in Short Blades
  4513 | D:6      | Reached XP level 9. HP: 72/75 MP: 8/8
  5045 | D:7      | Reached skill level 8 in Short Blades
  5145 | D:7      | Found a runed translucent gate.
  5145 | D:7      | Found a runed translucent gate.
  5145 | D:7      | Found a runed translucent gate.
  5282 | D:7      | Reached ***** piety under Trog
  5386 | D:7      | Found a staircase to the Ecumenical Temple.
  5529 | D:7      | Noticed Maggie
  5551 | D:7      | Killed Maggie
  5877 | D:7      | Noticed sokol815's ghost (amateur OpFi)
  5946 | D:8      | Reached skill level 9 in Short Blades
  6089 | D:8      | Found a glowing silver altar of Zin.
  6089 | D:8      | Found a snail-covered altar of Cheibriados.
  6285 | D:8      | Noticed a deep elf pyromancer
  6292 | D:8      | Killed a deep elf pyromancer
  6293 | D:8      | Reached skill level 1 in Stealth
  6338 | D:8      | Reached XP level 10. HP: 70/86 MP: 9/9
  6552 | D:8      | Reached skill level 10 in Short Blades
  6843 | D:9      | Found a transporter.
  6847 | D:9      | Noticed Grum
  6850 | D:9      | Reached skill level 5 in Dodging
  6857 | D:9      | Killed Grum
  7002 | D:9      | Found a transporter.
  7006 | D:9      | Noticed a toenail golem
  7009 | D:9      | Noticed javelincjr's ghost (journeyman TeSu)
  7044 | D:9      | Noticed a rakshasa
  7105 | D:9      | Noticed Pikel
  7107 | D:9      | Found a flagged portal.
  7130 | D:10     | Entered Level 10 of the Dungeon
  7136 | D:10     | HP: 2/86 [Pikel/+2 whip of flaming (7)]
  7136 | D:10     | Slain by a lemure

Illustrated notes

Levels and vault maps discovered:
D:1:      lemuel_arrival_rhombus, layout_loops_corners
D:2:      layout_basic, shapermc_ecumenical_altar_ellora, minmay_misc_feat_rows
D:3:      layout_rooms, uniq_natasha
D:4:      layout_loops_ring, kennysheep_mini,
          yredelemnul_forgotten_temple_becter, uniq_sigmund
D:5:      nicolae_BIG_FREAKIN_CUBE, layout_basic,
          nicolae_overflow_hidden_temple, mainiacjoe_overflow_alcove_1,
          uniq_crazy_yiuf_cottage
D:6:      layout_basic, evilmike_ruin_ashenzari
D:7:      layout_loops_ring, minmay_temple_entry_nine_rooms,
          gammafunk_ghost_icy, hangedman_decor_riveting, uniq_maggie
D:8:      layout_basic, nicolae_overflow_two_pavilions,
          guppyfry_early_elven_hall
D:9:      layout_loops_ring, hellmonk_okawaru_the_only_friend_you_need,
          hellmonk_sif_muna_bookshelves, enter_bailey_3,
          gammafunk_ghost_abyssal_escape, uniq_grum, uniq_pikel
D:10:     layout_layer_cave, lemuel_zombie_altar_kikubaaqudgha,
          nicolae_trove_entry_crossroad, nzn_random_ring

Skill      XL: |  1  2  3  4  5  6  7  8  9 10 |
---------------+-------------------------------+-----
Axes           | 4 5 6 7 8 9 |  9.2
Fighting       | 4 5 6 7 |  7.3
Armour         | 3 4 5 6 7 |  7.9
Short Blades   | 1 2 4 7 9 10 | 10.2
Dodging        | 3 4 5 |  5.1
Stealth        | 1 |  1.1

Action                     |  1- 3 |  4- 6 |  7- 9 | 10-12 || total
---------------------------+-------+-------+-------+-------++-------
  Melee: Hand axe          |    76 |       |       |       ||    76
         Headbutt          |     8 |     2 |    44 |     8 ||    62
         Dagger            |    10 |    31 |   251 |    14 ||   306
         War axe           |       |       |       |    27 ||    27
    Use: Potion            |       |       |     1 |       ||     1
 Armour: Ring mail         |    60 |    27 |   143 |    61 ||   291
  Dodge: Dodged            |    46 |    26 |   101 |    37 ||   210

Table legend: (Time is in decaauts)
 A = Elapsed time spent in this place.
 B = Non-inter-level travel time spent in this place.
 C = Inter-level travel time spent in this place.
 D = Time resting spent in this place.
 E = Time spent auto-exploring this place.
 F = Levels seen in this place.
 G = Mean time per level.
                   A        B        C        D        E       F      G
               +--------+--------+--------+--------+--------+-----+--------+
         Total |   7073 |   6504 |    569 |      0 |   5242 |  10 |  707.3 |
       Dungeon |   7073 |   6504 |    569 |      0 |   5242 |  10 |  707.3 |
               +--------+--------+--------+--------+--------+-----+--------+

Top non-repeatable levels by time:
     D:4: 1211 daAuts
     D:7: 975 daAuts
     D:5: 818 daAuts
     D:1: 817 daAuts
     D:8: 794 daAuts
     D:6: 774 daAuts
     D:2: 740 daAuts
     D:3: 554 daAuts
     D:9: 383 daAuts
    D:10: 4 daAuts
